 Dungeon Crawl Stone Soup version 0.31.0-12-g77e489cdc1 (webtiles) character file.

Game seed: 11560132678159556379

863 Aneyh the Fighter (level 8, -7/55 HPs)
             Began as a Tengu Monk on Feb 16, 2024.
             Succumbed to Dowan's poison
             ... on level 4 of the Dungeon.
             The game lasted 00:07:25 (4214 turns).

Aneyh the Fighter (Tengu Monk)                      Turns: 4214, Time: 00:07:25

Health: -7/55      AC:  2    Str:  9 (12) XL:     8   Next: 3%
Magic:  9/9        EV: 16    Int:  9 (12) God:
Gold:   263        SH:  0    Dex: 12 (15) Spells: 7/7 levels left

rFire   . . .        a - +0 halberd
rCold   . . .        (shield currently unavailable)
rNeg    . . .        r - +0 robe
rPois   .            (helmet restricted)
rElec   .            (no cloak)
rCorr   .            (no gloves)
SInv    .            (boots unavailable)
Will    ++...        (no amulet)
Stlth   +            s - ring of willpower
HPRegen 0.29/turn    (no ring)
MPRegen 0.11/turn

%: acrobat
@: lethally poisoned (-7 -> -57), flying
A: beak, talons 3, evasive flight, acrobatic, clumsy 1, strong-willed 1,
inability to drink after injury 1
a: no special abilities


You were on level 4 of the Dungeon.
You visited 1 branch of the dungeon, and saw 5 of its levels.

You collected 263 gold pieces.

Inventory:

Hand Weapons
 a - a +0 halberd (weapon)
 b - the +5 shortbow "Jesepnu" {drain, rPois rC+}
   (You found it on level 3 of the Dungeon)

   rC+:       It protects you from cold.
   rPois:     It protects you from poison
 g - a +0 spear
 m - a +0 trident
 v - a +0 spectral club
 w - a +0 scimitar
 A - a +2 spear of venom
Missiles
 n - 4 javelins (quivered)
 B - 2 throwing nets
Armour
 d - an orb of light
 o - a +0 buckler
 r - a +0 robe (worn)
Jewellery
 s - a ring of willpower (left hand)
 t - a +6 ring of strength
Wands
 q - a wand of quicksilver (2)
 z - a wand of digging (7)
Scrolls
 e - 3 scrolls of teleportation
 f - a scroll of revelation
 k - a scroll of immolation {unknown}
 l - a scroll of poison {unknown}
 u - a scroll of identify {unknown}
 y - a scroll of fog {unknown}
 C - a scroll of enchant armour {unknown}
Potions
 h - a potion of mutation
 i - a potion of haste
 x - 3 potions of attraction {unknown}


   Skills:
 + Level 8.7 Fighting
 - Level 5.0 Polearms
 - Level 3.2 Dodging


You had 7 spell levels left.
You didn't know any spells.
Your spell library contained the following spells:

 Spells                   Type           Power      Damage    Failure   Level
 Freeze                   Ice            0%         1d3       38%         1
 Frozen Ramparts          Ice            0%         1d1       77%         3
 Hailstorm                Conj/Ice       0%         3d5       77%         3


Dungeon Overview and Level Annotations

Branches:
Dungeon (5/15)
 Temple: D:4-7

Altars:
Makhleb
Okawaru
Ru
Sif Muna
Wu Jian

Annotations:
D:3 Robin
D:4 Dowan
D:5 2 transporters, OlivierBoivin's ghost, novice DgIE


Innate Abilities, Weirdness & Mutations

You have a beak for a mouth.
You have claws for feet.
Your magical flight helps you evade attacks. (EV +4)
You can magically evade attacks while moving or waiting.
You are clumsy. (Dex -2)
You are strong-willed. (Will+)
You occasionally lose the ability to drink potions when taking damage.


Message History

Level annotation: Dowan
There is a stone staircase leading down, spattered with blood here.
No target in view!
Done exploring.
Done exploring.
Dowan completely misses you.
You hit Dowan but do no damage. Your peck misses Dowan.
Dowan hits you but does no damage.
Dowan hits you with a +0 dagger of venom.
You are poisoned.
You completely miss Dowan. You claw Dowan.
Dowan is moderately wounded.
You feel very sick. Dowan barely misses you. Dowan misses you.
You hit Dowan. Your peck misses Dowan.
Dowan is heavily wounded.
You feel very sick.
Dowan hits you with a +0 dagger of venom.
You are more poisoned.
Dowan hits you with a +0 dagger of venom.
You are more poisoned.
You barely miss Dowan. You claw Dowan, but do no damage.
Dowan is heavily wounded.
You feel extremely sick.
Dowan breathes, "And she was my only..."
Dowan hits you with a +0 dagger of venom.
You are lethally poisoned!
Dowan misses you.
You hit Dowan but do no damage. You claw Dowan, but do no damage.
Dowan is heavily wounded.
You feel extremely sick.
Dowan hits you with a +0 dagger of venom.
* * * LOW HITPOINT WARNING * * *
You are more poisoned.
Dowan hits you with a +0 dagger of venom.
* * * LOW HITPOINT WARNING * * *
You are more poisoned.
You miss Dowan.
Dowan is heavily wounded.
You die...

# ##### #.# #.# #
##...###.# #.# #
##.###.##.# #.# ###
#.## ##.#.# #.#
..#########.# #...#
#.# .........##.##
##.### ##.#
..######.###.###.###
#..#
.....###.......e...#
#.##
.........###.###@#.#
#.# #.##..##.#
#..[>.#.# #.#
#.##..##.#####.###.#
#.###
#.##...........# #.#
##...##
#.##.##...###### #.#
#.....#####
#.##.#.....# #.#
#..........
#.##.#.....# #.##
#.....#####
.....#.....# #..#
##...## ......#...##
##.# #..##


You could see Dowan (fast).

Vanquished Creatures
  Duvessa (D:4)
  An orc warrior (D:4)
  A black bear (D:4)
  A scorpion (D:4)
  A howler monkey (D:4)
  A crimson imp (D:5)
  2 hounds
  A jelly (D:5)
  A gnoll bouda (D:4)
  2 orc priests (D:4)
  Ijyb (D:3)
  7 gnolls
  6 adders
  2 shadow imps
  2 dart slugs
  2 ribbon worms (D:3)
  9 orcs
  5 bats
  7 endoplasms
  7 giant cockroaches
  12 goblins
  13 hobgoblins
  3 quokkas
  6 ball pythons
  A frilled lizard (D:2)
  5 kobolds
  6 rats
106 creatures vanquished.

Vanquished Creatures (others)
  A goblin (D:3)
  A hobgoblin (D:3)
2 creatures vanquished.

Grand Total: 108 creatures vanquished

Notes
Turn   | Place    | Note
-------+----------+-------------------------------------------
     0 | D:1      | Aneyh the Tengu Monk began the quest for the Orb.
     0 | D:1      | Reached XP level 1. HP: 14/14 MP: 2/2
   160 | D:1      | Reached XP level 2. HP: 19/19 MP: 3/3
   293 | D:1      | Reached XP level 3. HP: 16/23 MP: 4/4
   666 | D:1      | Reached skill level 5 in Polearms
   906 | D:1      | Reached XP level 4. HP: 28/28 MP: 5/5
  1197 | D:2      | Found a faded altar of an unknown god.
  1314 | D:2      | Reached skill level 4 in Fighting
  1618 | D:3      | Reached XP level 5. HP: 27/33 MP: 6/6
  1827 | D:3      | Noticed Ijyb
  1828 | D:3      | Noticed Robin
  1892 | D:3      | Killed Ijyb
  1913 | D:3      | Identified the +5 shortbow "Jesepnu" {drain, rPois rC+}
  1962 | D:3      | Found an ornate altar of the Wu Jian Council.
  1975 | D:3      | Found a shimmering blue altar of Sif Muna.
  2245 | D:3      | Reached skill level 5 in Fighting
  2278 | D:3      | Found an iron altar of Okawaru.
  2569 | D:4      | Reached XP level 6. HP: 41/41 MP: 7/7
  2599 | D:4      | Noticed an orc warrior
  2604 | D:4      | Noticed a black bear
  2606 | D:4      | Killed an orc warrior
  2607 | D:4      | Reached skill level 6 in Fighting
  2651 | D:4      | Killed a black bear
  2652 | D:4      | Reached skill level 7 in Fighting
  2652 | D:4      | Gained mutation: Your magical flight helps you evade
                  | attacks. (EV +4) [Tengu growth]
  2652 | D:4      | Reached XP level 7. HP: 23/48 MP: 8/8
  2753 | D:4      | Found a sacrificial altar of Ru.
  3518 | D:5      | Entered Level 5 of the Dungeon
  3532 | D:5      | Found a transporter.
  3534 | D:5      | Noticed OlivierBoivin's ghost (novice DgIE)
  3535 | D:5      | Found a transporter.
  3608 | D:5      | Reached skill level 8 in Fighting
  3914 | D:5      | Found a burning altar of Makhleb.
  3968 | D:5      | Noticed Duvessa
  3968 | D:5      | Noticed Dowan
  3988 | D:4      | Killed Duvessa
  3989 | D:4      | Reached XP level 8. HP: 29/55 MP: 9/9
  3992 | D:4      | Gained mutation: You are clumsy. (Dex -2) [potion of
                  | mutation]
  3992 | D:4      | Gained mutation: You occasionally lose the ability to drink
                  | potions when taking damage. [potion of mutation]
  3992 | D:4      | Gained mutation: You are strong-willed. (Will+) [potion of
                  | mutation]
  4214 | D:4      | Succumbed to Dowan's poison

Illustrated notes

Levels and vault maps discovered:
D:1:      dpeg_arrival_rhombi, layout_basic
D:2:      layout_basic, hellmonk_ecumenical_altar_heavens_door,
          kennysheep_generic_room_11
D:3:      layout_loops_cross, mainiacjoe_overflow_large_starburst,
          marbit_many_paths, nicolae_goblin_pals
D:4:      layout_loops_ring, nicolae_ru_the_path_less_chosen
D:5:      layout_loops_cross, makhleb_grotto_becter, gammafunk_ghost_smash,
          uniq_duvessa

Skill      XL: |  1  2  3  4  5  6  7 |
---------------+----------------------+-----
Polearms       | 4 5 |  5.0
Fighting       | 4 5 7 8 |  8.7
Dodging        | |  3.2

Action                     |  1- 3 |  4- 6 |  7- 9 || total
---------------------------+-------+-------+-------++-------
  Melee: Spear             |    43 |       |       ||    43
         Peck              |    10 |    15 |     6 ||    31
         Kick              |    13 |    27 |     4 ||    44
         Trident           |    31 |    25 |       ||    56
         Halberd           |       |    42 |    33 ||    75
         Club              |       |    27 |       ||    27
   Fire: Shortbow          |       |    26 |    50 ||    76
    Use: Scroll            |       |     2 |       ||     2
         Potion            |       |       |     5 ||     5
   Stab: Sleeping          |     5 |     4 |       ||     9
 Armour: Robe              |    22 |    36 |    29 ||    87
  Dodge: Dodged            |    38 |    86 |    38 ||   162
